 Dungeon Crawl Stone Soup version 0.16-a0-3228-ge148b08 (console) character file.

33 Fusha the Caller (level 3, 0/14 HPs)
             Began as a Felid Summoner on Dec 21, 2014.
             Slain by a hobgoblin
             ... wielding a +0 club
              (5 damage)
             ... on level 2 of the Dungeon.
             The game lasted 00:05:36 (1511 turns).

Fusha the Caller (Felid Summoner)                   Turns: 1511, Time: 00:05:36

Health: 0/14       AC:  1    Str:  4    XL:     3   Next: 12%
Magic:  7/8        EV: 18    Int: 17    God:
Gold:   96         SH:  0    Dex: 16    Spells: 2 memorised, 2 levels left
                                        Lives:  0   Deaths: 0

rFire  . . .     SeeInvis +     (weapon unavailable)
rCold  . . .     Clarity  .     (armour unavailable)
rNeg   . . .     SustAb   .     (shield unavailable)
rPois  .         Gourm    .     (helmet unavailable)
rElec  .         Spirit   .     (cloak unavailable)
rCorr  .         Warding  .     (gloves unavailable)
rMut   .         Stasis   .     (boots unavailable)
MR     .....                    (no amulet)
Stlth  +++.......               (no ring)
                                (no ring)

@: quick, not resistant to hostile enchantments, fairly stealthy
A: paw claws, no armour, no weapons or thrown items, fangs 3, see invisible,
carnivore 3, speed 1, shaggy fur 1, slow metabolism 1
a: no special abilities


You were on level 2 of the Dungeon.
You were completely stuffed.

You visited 1 branch of the dungeon, and saw 2 of its levels.

You collected 96 gold pieces.

Inventory:

Scrolls
 a - a scroll of teleportation {unknown}
 e - a scroll of enchant weapon {unknown}
 f - 2 scrolls of identify {unknown}
 g - a scroll of remove curse {unknown}
 l - a scroll of fog {unknown}
 n - a scroll of magic mapping {unknown}
Potions
 d - 2 potions of resistance {unknown}
 h - a potion of curing {unknown}
 i - a potion of restore abilities {unknown}
 j - a potion of ambrosia {unknown}
 k - a potion of invisibility {unknown}
Books
 b - a book of Callings

   Spells                             Type                      Level
   a - Summon Small Mammal            Summoning                    1
   b - Call Imp                       Summoning                    2
   c - Call Canine Familiar           Summoning                    3
   d - Summon Guardian Golem          Hexes/Summoning              4
   e - Summon Lightning Spire         Summoning/Air                4
   f - Summon Ice Beast               Ice/Summoning                4
Comestibles
 c - 2 meat rations


   Skills:
 + Level 2.9 Dodging
 + Level 3.3 Stealth
 + Level 0.6 Unarmed Combat
 + Level 2.1 Spellcasting
 * Level 4.5 Summonings


You had 2 spell levels left.
You knew the following spells:

 Your Spells              Type           Power        Failure   Level  Hunger
a - Summon Small Mammal   Summ           ###.         2%          1    #......
b - Call Canine Familiar  Summ           ###.....     10%         3    ###....


Dungeon Overview and Level Annotations

Branches:
Dungeon (2/15)

Altars:


Innate Abilities, Weirdness & Mutations

You cannot wear armour.
You are incapable of wielding weapons or throwing items.
Your paws have sharp claws.
You have razor-sharp teeth.
You have supernaturally acute eyesight.
You are carnivorous and can eat meat at any time.
You cover ground quickly.
You are covered in fur (AC +1).
You have a slow metabolism.


Message History

Eating one of 2 chunks of flesh.
This raw flesh tastes great.
You continue eating. x2
You open the door.
All of the chunks of flesh in your inventory have rotted away.
There is an open door here.
You now have 96 gold pieces (gained 11).
A hobgoblin comes into view. It is wielding a club.
The hobgoblin shouts!
The hobgoblin hits you with a club.
You scratch the hobgoblin.
The hobgoblin begins to bleed from its wounds!
The hobgoblin is almost dead.
You barely miss the hobgoblin.
The hobgoblin is almost dead.
The hobgoblin hits you with a club.
The hobgoblin is no longer bleeding.
Casting: Summon Small Mammal
Confirm with . or Enter, or press ? or * to list all spells.
The hobgoblin hits you with a club.
You die...

### ..# ###### #.#
#....# #.# #.##.#
#####.### #.##.#
#.......#######.##.# #
#.###@#............#
#.###.##g..########....#
#.....#...r.# ###.##
#..........## #.#
#.#######.## #.# #.#
#####.# #.# #####.....#
#+# #........##
#.###.##.#


You could see a hobgoblin and a friendly quokka.

Vanquished Creatures
  A giant gecko (D:1)
  An ooze (D:2)
  2 hobgoblins (D:2)
  3 kobolds
  5 bats
  2 giant newts (D:1)
  4 goblins
  6 rats
24 creatures vanquished.

Vanquished Creatures (collateral kills)
  A gnoll (D:2)
  A giant mite (D:2)
  A goblin (D:2)
3 creatures vanquished.

Grand Total: 27 creatures vanquished

Notes
Turn   | Place    | Note
--------------------------------------------------------------
     0 | D:1      | Fusha, the Felid Summoner, began the quest for the Orb.
     0 | D:1      | Reached XP level 1. HP: 7/7 MP: 4/4
   360 | D:1      | Reached XP level 2. HP: 11/11 MP: 5/5
  1212 | D:2      | Reached XP level 3. HP: 8/14 MP: 3/8
  1217 | D:2      | Learned a level 3 spell: Call Canine Familiar
  1511 | D:2      | Slain by a hobgoblin

Action                   || total
-------------------------++-------
Melee: Unarmed           ||    60
 Cast: Summon Small Mamm ||    14
 Stab: Sleeping          ||     9
       Distracted        ||     2
  Eat: Chunk             ||     9
